 Dungeon Crawl Stone Soup version 0.28-a0-1412-gf95308ed99 (webtiles) character file.

Game seed: 15423423666430386632

2830 brmiller01 the Chopper (level 9, -15/57 HPs)
             Began as a Gargoyle Fighter on Jan 6, 2022.
             Killed from afar by an acid dragon (20 damage)
             ... with a splash of acid
             ... on level 8 of the Dungeon.
             The game lasted 00:15:05 (11652 turns).

brmiller01 the Chopper (Gargoyle Fighter)          Turns: 11652, Time: 00:15:05

Health: -15/57     AC: 14    Str: 24    XL:     9   Next: 73%
Magic:  9/9        EV:  6    Int:  9    God:
Gold:   396        SH:  5    Dex:  9    Spells: 8/8 levels left

rFire   . . .      SeeInvis .   a - +0 war axe
rCold   . . .      Faith    .   c - +0 buckler
rNeg    + . .      Spirit   .   z - +0 plate armour
rPois   ∞          Reflect  .   t - +0 helmet
rElec   +          Harm     .   (no cloak)
rCorr   .          Rampage  .   (no gloves)
Will    .....                   i - +0 pair of boots
Stlth   ..........              (no amulet)
HPRegen 0.19/turn               (no ring)
MPRegen 0.11/turn               (no ring)

@: corroded
A: sickness immunity, AC +6, negative energy resistance 1, electricity
resistance, torment resistance 1, petrification resistance
a: no special abilities


You were on level 8 of the Dungeon.
You visited 1 branch of the dungeon, and saw 8 of its levels.

You collected 396 gold pieces.

Inventory:

Hand Weapons
 a - a +0 war axe (weapon)
Armour
 c - a +0 buckler (worn)
 i - a +0 pair of boots (worn)
 t - a +0 helmet (worn)
 z - a +0 plate armour (worn)
Jewellery
 g - a ring of resist corrosion
 k - a ring of protection from fire
 v - the ring "Runymp" {Wiz rF+ Dex+7 Slay-2 SInv}
   (You found it on level 5 of the Dungeon)

   [ring of wizardry]

   It improves your spell success rate.
   Dex:       It affects your dexterity (+7).
   Slay:      It affects your accuracy & damage with ranged weapons and melee
   (-2).
   rF:        It protects you from fire.
   SInv:      It lets you see invisible.
Wands
 m - a wand of paralysis (3)
 n - a wand of flame (13)
Scrolls
 f - 2 scrolls of teleportation
 l - 2 scrolls of fear {unknown}
 o - 2 scrolls of identify
 p - a scroll of amnesia {unknown}
 r - a scroll of silence {unknown}
 s - a scroll of fog {unknown}
 u - a scroll of enchant armour {unknown}
 x - a scroll of blinking {unknown}
 y - a scroll of enchant weapon {unknown}
Potions
 d - a potion of attraction {unknown}
 e - a potion of lignification {unknown}
 h - a potion of curing
 j - a potion of brilliance {unknown}
 q - a potion of heal wounds {unknown}
 w - a potion of flight {unknown}


   Skills:
 + Level 7.2 Fighting
 * Level 7.8 Axes
 + Level 7.2 Armour
 + Level 7.2 Shields


You had 8 spell levels left.
You didn't know any spells.
Your spell library contained the following spells:

 Spells                   Type           Power      Damage    Failure   Level
 Dazzling Flash           Conj/Hex       0%         N/A       100%        3
 Spider Form              Tmut/Pois      0%         N/A       100%        3
 Iskenderun's Mystic Bla  Conj/Tloc      0%         2d3       100%        4
 Sticky Flame             Conj/Fire      0%         2d3       100%        4
 Fireball                 Conj/Fire      0%         3d3       100%        5
 Eringya's Noxious Bog    Tmut/Pois      0%         N/A       100%        6
 Starburst                Conj/Fire      0%         6d3       100%        6


Dungeon Overview and Level Annotations

Branches:
Dungeon (8/15)
 Temple: D:4-7         Lair: D:8-11

Altars:
Ru
Sif Muna
Yredelemnul
The Shining One
Beogh

Shops:
D:1 :   D:5 (

Annotations:
D:7 2 transporters


Innate Abilities, Weirdness & Mutations

You are immune to sickness and miasma.
Your stone body is resilient. (AC +6)
You are immune to poison.
You resist negative energy. (rN+)
You are resistant to electric shocks. (rElec)
You are resistant to unholy torment.
You are immune to petrification.


Message History

The acid dragon bites you but does no damage.
The acid dragon claws you but does no damage.
The acid dragon spits acid at you. The splash of acid hits you!
The acid corrodes you!
You hear a shout!
You slash the acid dragon!
The acid dragon is heavily wounded.
The acid dragon bites you. You block the acid dragon's attack.
You hit the acid dragon but do no damage.
The acid dragon is heavily wounded.
The acid dragon bites you but does no damage.
The acid dragon closely misses you.
You barely miss the acid dragon.
The acid dragon is heavily wounded.
The acid dragon bites you but does no damage.
The acid dragon claws you but does no damage.
You slash the acid dragon!
The acid dragon is almost dead.
The acid dragon bites you but does no damage.
The acid dragon claws you but does no damage.
You completely miss the acid dragon.
The acid dragon is almost dead.
The acid dragon bites you.
The acid dragon claws you but does no damage.
You hit the acid dragon but do no damage.
The acid dragon is almost dead.
The acid dragon bites you but does no damage.
The acid dragon claws you but does no damage.
You closely miss the acid dragon.
The acid dragon is almost dead.
The acid dragon bites you but does no damage.
The acid dragon claws you but does no damage.
The acid dragon spits acid at you. The splash of acid hits you!!
* * * LOW HITPOINT WARNING * * *
The acid corrodes you!
You hear a shout! x2
The acid dragon spits acid at you. The splash of acid hits you!!
You die...

#$....#
#.....#
.....#
....# ...#
.K# #)#
#.########
#).KD.@..#
########.#
#.# #.#
#.# #.#
#.# #.#
#.#


You could see an acid dragon (catching breath) and a kobold.

Vanquished Creatures
  Pikel (D:8)
  A water moccasin (D:7)
  2 ice beasts
  2 orc warriors (D:7)
  2 ogres
  2 centaurs
  A lemure (D:8)
  2 kobold brigands
  2 bullfrogs (D:7)
  2 scorpions (D:6)
  A water moccasin skeleton (D:5)
  An electric eel (D:7)
  A centaur zombie (D:6)
  Crazy Yiuf (D:5)
  2 bullfrog zombies
  2 gnoll shamans
  5 orc priests
  3 jellies
  2 bullfrog skeletons
  2 iguanas
  Natasha (thrice) (D:3)
  4 orc wizards
  A killer bee zombie (D:7)
  A hound skeleton (D:5)
  A howler monkey zombie (D:7)
  7 gnolls
  12 adders
  2 shadow imps
  2 white imps
  An adder skeleton (D:4)
  An adder zombie (D:5)
  2 worms (D:4)
  23 orcs
  3 bats
  7 endoplasms
  8 giant cockroaches
  8 goblins
  7 hobgoblins
  16 kobolds
  3 quokkas
  6 ball pythons
  7 frilled lizards
  7 rats
169 creatures vanquished.

Vanquished Creatures (others)
  A plant (D:7)
1 creature vanquished.

Grand Total: 170 creatures vanquished

Notes
Turn   | Place    | Note
-------+----------+-------------------------------------------
     0 | D:1      | brmiller01 the Gargoyle Fighter began the quest for the
                  | Orb.
     0 | D:1      | Reached XP level 1. HP: 14/14 MP: 1/1
   116 | D:1      | Reached XP level 2. HP: 19/19 MP: 2/2
   471 | D:1      | Found Tinoadu Hary's Book Shoppe.
   485 | D:1      | Got the Almanac of Rubbish
   964 | D:2      | Reached XP level 3. HP: 8/23 MP: 3/3
  1468 | D:2      | Found a faded altar of an unknown god.
  1632 | D:2      | Reached XP level 4. HP: 27/29 MP: 4/4
  1993 | D:3      | Found a shimmering blue altar of Sif Muna.
  2296 | D:3      | Noticed Natasha
  2306 | D:3      | Killed Natasha
  2307 | D:3      | Reached XP level 5. HP: 20/33 MP: 5/5
  3004 | D:3      | Noticed Natasha
  3015 | D:3      | Killed Natasha
  3102 | D:3      | Found a shimmering blue altar of Sif Muna.
  3248 | D:3      | Noticed Natasha
  3258 | D:3      | Killed Natasha
  3904 | D:4      | Noticed an ogre
  3909 | D:4      | Killed an ogre
  3910 | D:4      | Reached XP level 6. HP: 20/39 MP: 6/6
  4748 | D:4      | Reached XP level 7. HP: 13/44 MP: 7/7
  5139 | D:5      | Entered Level 5 of the Dungeon
  5198 | D:5      | Identified the ring "Runymp" {Wiz rF+ Dex+7 Slay-2 SInv}
  5472 | D:5      | Found Soafuxec's Antique Weapon Boutique.
  5504 | D:5      | Found a glowing golden altar of the Shining One.
  5517 | D:5      | Found a runed translucent door.
  5518 | D:5      | Noticed Crazy Yiuf
  5526 | D:5      | Killed Crazy Yiuf
  5613 | D:5      | Reached skill level 5 in Shields
  5667 | D:5      | Reached skill level 5 in Fighting
  5667 | D:5      | Reached skill level 5 in Armour
  6477 | D:6      | Reached skill level 5 in Axes
  6852 | D:6      | Reached XP level 8. HP: 10/49 MP: 8/8
  8520 | D:6      | Identified the +0 robe "Kaugroer" {Drain rElec Slay+5
                  | Stlth+}
  9401 | D:7      | Found a sacrificial altar of Ru.
  9443 | D:7      | Found a transporter.
  9443 | D:7      | Noticed a troll
  9572 | D:7      | Reached XP level 9. HP: 52/56 MP: 9/9
 10269 | D:7      | Found a transporter.
 11191 | D:7      | Found a basalt altar of Yredelemnul.
 11315 | D:8      | Noticed Pikel
 11334 | D:8      | Killed Pikel
 11652 | D:8      | Killed from afar by an acid dragon

Illustrated notes

Levels and vault maps discovered:
D:1:      mrwooster_arrival_statue_3, layout_basic, serial_shops,
          nicolae_shop_competitors_out_of_business, minmay_misc_feat_ornament,
          kennysheep_small_spiral, corner_web_ring
D:2:      layout_rooms, hellmonk_ecumenical_altar_blasted
D:3:      layout_basic, mainiacjoe_overflow_brackets, minmay_crystal_room,
          uniq_natasha
D:4:      minmay_clustersquares, layout_basic
D:5:      layout_cave_pods, overflow_temple_1_default, serial_shops,
          nicolae_shop_behind_doors, grunt_decor_resistance,
          kennysheep_generic_room_8, uniq_crazy_yiuf_cottage
D:6:      layout_basic, minmay_temple_entry_from_below_a
D:7:      gammafunk_beogh_shrine, layout_layer_cave,
          lemuel_zombie_altar_yredelemnul, old_standard_altar,
          serial_bayou_pond_b, lightli_minifort
D:8:      layout_basic, serial_shops, shop, doesnt_shop_hydraphobe, uniq_psyche,
          uniq_pikel

Skill      XL: |  1  2  3  4  5  6  7  8  9 |
---------------+----------------------------+-----
Axes           | 2 3 4 5 6 7 |  7.8
Fighting       | 4 5 6 7 |  7.2
Armour         | 4 5 6 7 |  7.2
Shields        | 4 5 6 7 |  7.2

Action                   |  1- 3 |  4- 6 |  7- 9 || total
-------------------------+-------+-------+-------++-------
Melee: War axe           |   134 |   187 |   380 ||   701
  Use: Scroll            |     2 |     1 |       ||     3
       Potion            |       |     1 |     2 ||     3
 Stab: Invisible         |       |       |     1 ||     1
Armor: Scale mail        |    85 |   122 |   239 ||   446
       Plate armour      |       |       |    46 ||    46
Dodge: Dodged            |    69 |    81 |   184 ||   334
Block: Buckler           |    32 |    35 |    98 ||   165

Table legend: (Time is in decaauts)
 A = Elapsed time spent in this place.
 B = Non-inter-level travel time spent in this place.
 C = Inter-level travel time spent in this place.
 D = Time resting spent in this place.
 E = Time spent auto-exploring this place.
 F = Levels seen in this place.
 G = Mean time per level.
                   A        B        C        D        E       F      G
               +--------+--------+--------+--------+--------+-----+--------+
         Total |  11872 |  11207 |    665 |   2856 |   6744 |   8 | 1484.0 |
       Dungeon |  11872 |  11207 |    665 |   2856 |   6744 |   8 | 1484.0 |
               +--------+--------+--------+--------+--------+-----+--------+

Top non-repeatable levels by time:
     D:7: 2504 daAuts
     D:6: 2200 daAuts
     D:3: 1965 daAuts
     D:5: 1552 daAuts
     D:4: 1499 daAuts
     D:1: 1128 daAuts
     D:2: 675 daAuts
     D:8: 346 daAuts
